 Dungeon Crawl Stone Soup version 0.30-b1-2-g02819fbbbe (webtiles) character file.

Game seed: 18054692962449125453

9 Alarkh the Insei (level 2, 21/21 HPs)
             Began as a Demonspawn Transmuter on July 2, 2023.
             Got out of the dungeon alive.
             The game lasted 00:00:37 (377 turns).

Alarkh the Insei (Demonspawn Transmuter)             Turns: 377, Time: 00:00:38

Health: 21/21      AC:  5    Str: 10    XL:     2   Next: 3%
Magic:  5/5        EV: 12    Int: 14    God:
Gold:   15         SH:  0    Dex: 13    Spells: 4/5 levels left

rFire   . .          .
                       - Unarmed
rCold   . . .        (no shield)
rNeg    . . .        a - +0 robe
rPois   .            (no helmet)
rElec   .            (no cloak)
rCorr   .            (no gloves)
SInv    .            d - +0 pair of boots
Will    .....        (no amulet)
Stlth   +            (no ring)
HPRegen 0.23/turn    (no ring)
MPRegen 0.09/turn

%: no passive effects
@: no status effects
A: icy blue scales 1
a: no special abilities


You escaped.
You visited 1 branch of the dungeon, and saw 1 of its levels.

You collected 15 gold pieces.

Inventory:

Hand Weapons
 c - a +1 dagger of electrocution
Armour
 a - a +0 robe (worn)
 d - a +0 pair of boots (worn)
Scrolls
 e - a scroll of teleportation {unknown}
Potions
 b - a potion of lignification


   Skills:
 - Level 1.0 Fighting
 - Level 1.7 Dodging
 * Level 3.2 Unarmed Combat
 - Level 2.0 Spellcasting
 - Level 1.7 Transmutations


You had 4 spell levels left.
You knew the following spells:

 Your Spells              Type           Power      Damage    Failure   Level
a - Beastly Appendage     Tmut           12%        N/A       12%         1

Your spell library contained the following spells:

 Spells                   Type           Power      Damage    Failure   Level
 Wereblood                Tmut           6%         N/A       17%         2
 Spider Form              Tmut/Pois      3%         N/A       45%         3
 Ice Form                 Ice/Tmut       3%         N/A       86%         4


Dungeon Overview and Level Annotations

Branches:
Dungeon (1/15)

Altars:


Innate Abilities, Weirdness & Mutations

You are partially covered in icy blue scales. (AC +2)


Message History

The quokka barely misses you.
You barely miss the quokka. You headbutt the quokka.
The quokka is moderately wounded.
The quokka closely misses you.
You hit the quokka but do no damage. You claw the quokka, but do no damage.
You headbutt the quokka, but do no damage.
The quokka is moderately wounded.
The quokka barely misses you.
You closely miss the quokka.
The quokka is moderately wounded.
The quokka barely misses you.
You barely miss the quokka. Your kick misses the quokka.
You headbutt the quokka.
The quokka is heavily wounded.
The quokka completely misses you.
You miss the quokka. You claw the quokka, but do no damage.
The quokka is heavily wounded.
The quokka closely misses you. x2
You hit the quokka.
The quokka is almost dead.
The quokka misses you.
You closely miss the quokka.
The quokka is almost dead.
The quokka barely misses you.
You hit the quokka but do no damage. You headbutt the quokka.
You kill the quokka!
You have reached level 2!
Your demonic ancestry asserts itself...
Icy blue scales grow over part of your body.
Your horns disappear.
Your talons disappear.
Your +0 pair of boots unmelds from your body.
You see here a frilled lizard corpse.
You see here a +0 lajatang.
You see here a +0 sling.
There is an open door here.
You open the door.
There is an open door here.
There is a staircase leading out of the dungeon here.
Are you sure you want to leave the Dungeon?
This will make you lose the game!
You have escaped!

#......# #.########.# ##
#.####.# #.# #.# .# #.#
#.##########.# #.# .#
##.####.....)......# #.#
.####.........########## #.#
.......######....# #.# .#####.#
######### #.# .# #.# ##.......##
#####). .#
#######....@....######....## .#
##...................####.# ##
#...⌠....##'##....⌠...###.#
#........#...#........#...##
##........+8.8'........#.....
###.###########'#############.##
#..## ..........####.######.#
##.#.## ########.............^#
......# #.###...########


There were no monsters in sight!

Vanquished Creatures
  A bat (D:1)
  An endoplasm (D:1)
  A giant cockroach (D:1)
  A quokka (D:1)
  2 frilled lizards (D:1)
  A goblin (D:1)
  2 kobolds (D:1)
9 creatures vanquished.

Notes
Turn   | Place    | Note
-------+----------+-------------------------------------------
     0 | D:1      | Alarkh the Demonspawn Transmuter began the quest for the
                  | Orb.
     0 | D:1      | Reached XP level 1. HP: 15/15 MP: 3/3
   127 | D:1      | Reached skill level 3 in Unarmed Combat
   289 | D:1      | Gained mutation: You are partially covered in icy blue
                  | scales. (AC +2) [demonic ancestry]
   289 | D:1      | Reached XP level 2. HP: 11/21 MP: 3/5
   377 | D:$      | Got out of the dungeon alive.

Illustrated notes

Levels and vault maps discovered:
D:1:      giann_wishing_wells, layout_loops_ring, minmay_pentomino_u4

Skill      XL: |  1 |
---------------+----+-----
Unarmed Combat | 3 |  3.2
Fighting       | |  1.0
Dodging        | |  1.7
Spellcasting   | |  2.0
Transmutations | |  1.7

Action                     || total
---------------------------++-------
  Melee: Unarmed           ||    30
         Headbutt          ||     5
         Kick              ||     4
   Cast: Beastly Appendage ||     6
   Stab: Sleeping          ||     2
 Armour: Robe              ||     7
  Dodge: Dodged            ||    26
